 Dungeon Crawl Stone Soup version 0.30-a0-393-g54b8e3be05 (webtiles) character file.

Game seed: 9554084182844476155

92 Bnni the Shield-Bearer (level 4, 0/37 HPs)
             Began as a Formicid Fighter on Dec 5, 2022.
             Slain by Grinder (8 damage)
             ... on level 3 of the Dungeon.
             The game lasted 00:03:33 (1807 turns).

Bnni the Shield-Bearer (Formicid Fighter)           Turns: 1807, Time: 00:03:35

Health: 0/37       AC:  9    Str: 22    XL:     4   Next: 90%
Magic:  0/4        EV:  7    Int:  8    God:
Gold:   89         SH:  5    Dex: 13    Spells: 3/3 levels left

rFire   . . .      SeeInvis +    a - +0 trident
rCold   . . .      Faith    .    c - +0 buckler
rNeg    . . .      Spirit   +    q - +0 chain mail
rPois   .          Reflect  .    (helmet unavailable)
rElec   .          Harm     .    (no cloak)
rCorr   .          Rampage  .    (no gloves)
Will    +....                    (no boots)
Stlth   ..........               m - amulet of guardian spirit
HPRegen 0.26/turn                k - ring of willpower
MPRegen 0.09/turn                (no ring)

@: no status effects
A: permanent stasis, dig shafts and tunnels, antennae 3, four strong arms
a: Dig, Shaft Self


You were on level 3 of the Dungeon.
You visited 1 branch of the dungeon, and saw 3 of its levels.

You collected 89 gold pieces.

Inventory:

Hand Weapons
 a - a +0 trident (weapon)
Missiles
 h - 5 poisoned darts
 r - 8 boomerangs
Armour
 c - a +0 buckler (worn)
 q - a +0 chain mail (worn)
Jewellery
 e - a ring of fire
 k - a ring of willpower (left hand)
 m - an amulet of guardian spirit (around neck)
Scrolls
 b - a scroll of enchant weapon {unknown}
 g - a scroll of fear {unknown}
 j - a scroll of enchant armour {unknown}
 l - a scroll of fog {unknown}
 n - 4 scrolls of identify {unknown}
 p - a scroll of teleportation {unknown}
Potions
 d - a potion of might
 f - 2 potions of heal wounds
 i - a potion of ambrosia {unknown}
 o - 2 potions of brilliance {unknown}


   Skills:
 + Level 4.0 Fighting
 * Level 3.5 Polearms
 - Level 3.2 Armour
 - Level 5.0 Shields


You had 3 spell levels left.
You didn't know any spells.
Your spell library contained the following spells:

 Spells                   Type           Power      Damage    Failure   Level
 Sublimation of Blood     Necr           0%         N/A       100%        2
 Petrify                  Tmut/Erth      0%         N/A       100%        4
 Irradiate                Conj/Tmut      0%         3d11      100%        5


Dungeon Overview and Level Annotations

Branches:
Dungeon (3/15)

Altars:

Shops:
D:1 (*   D:2 *

Annotations:
D:3 Grinder


Innate Abilities, Weirdness & Mutations

You cannot be hasted, slowed, berserked, paralysed or teleported.
You can dig through walls and to a lower floor.
You have a pair of large antennae on your head. (SInv)
Your four strong arms can wield two-handed weapons with a shield.


Message History

You completely miss Grinder.
Grinder is heavily wounded.
Grinder hits you.
You writhe in agony.
Grinder hits you but does no damage.
You are too injured to fight recklessly!
Grinder attacks as you move away! Grinder hits you.
You writhe in agony.
* * * LOW HITPOINT WARNING * * *
Grinder gestures at you. You resist with almost no effort.
Reach: a) +0 trident
Press: ? - help, Dir - move target, f - Grinder
Aim: Grinder (heavily wounded, about 45% to evade your +0 trident)
You reach to attack!
You hit Grinder.
Grinder is heavily wounded.
Unknown command.
Reach: a) +0 trident
Press: ? - help, Dir - move target, f/p - Grinder
Aim: Grinder (heavily wounded, about 45% to evade your +0 trident)
You hit Grinder.
Grinder is severely wounded.
Grinder hits you.
* * * LOW HITPOINT WARNING * * *
You writhe in agony.
* * * LOW HITPOINT WARNING * * *
Okay, then.
It was a potion of heal wounds.
You feel much better. You block Grinder's attack.
You puncture Grinder!
Grinder is almost dead.
You block Grinder's attack.
You hit Grinder.
Grinder is almost dead.
Grinder gestures at you. You resist with almost no effort.
You barely miss Grinder.
Grinder is almost dead.
Grinder hits you.
* * * LOW HITPOINT WARNING * * *
Grinder says, "FISH!"
Grinder hits you!
You die...

#####.<######
.......# ###
######.# .. #.....#
.#####
#.#########.#.#..
#.# #...##.#.#
#.######......#.#
##.............#.#
########.......#@#
##>).# #.#.#.(.#5#.#
##.#.###.#.###..r..#
.<.#...#.#[......###
######†#.#####..#..
# #.#.. #......# #
###)### #....#... #
#.).# #..###..#.
#.### #... ...


You could see Grinder and a quokka.

Vanquished Creatures
  4 worms
  6 orcs (D:3)
  11 bats
  7 endoplasms
  2 giant cockroaches
  A goblin (D:1)
  3 hobgoblins
  4 jackals (D:2)
  8 quokkas
  5 ball pythons
  14 frilled lizards
  3 kobolds (D:1)
  2 rats
70 creatures vanquished.

Vanquished Creatures (others)
  7 plants (D:1)
7 creatures vanquished.

Grand Total: 77 creatures vanquished

Notes
Turn   | Place    | Note
-------+----------+-------------------------------------------
     0 | D:1      | Bnni the Formicid Fighter began the quest for the Orb.
     0 | D:1      | Reached XP level 1. HP: 18/18 MP: 1/1
    69 | D:1      | Found Moluev's Assorted Antiques.
    77 | D:1      | Reached XP level 2. HP: 15/24 MP: 2/2
   125 | D:1      | Found Yrhimoly's Antique Weapon Shop.
   280 | D:1      | Reached XP level 3. HP: 23/29 MP: 3/3
   737 | D:1      | Found a faded altar of an unknown god.
  1038 | D:2      | Reached XP level 4. HP: 33/37 MP: 4/4
  1151 | D:2      | Reached skill level 5 in Shields
  1154 | D:2      | Found Obaad's Assorted Antiques.
  1790 | D:3      | Noticed Grinder
  1803 | D:3      | HP: 1/37 [Grinder (5)]
  1807 | D:3      | Slain by Grinder

Illustrated notes

Levels and vault maps discovered:
D:1:      heliophobic_arrival_battle_scene, layout_loops_cross, serial_shops,
          nicolae_shop_trees, nicolae_shop_crystal,
          dreamdust_ecumenical_altar_angels_and_demons, minmay_lizard_king
D:2:      layout_loops_cross, serial_shops, nicolae_shop_behind_doors
D:3:      minmay_recursive_quarters, layout_basic, minmay_vboxes, uniq_grinder

Skill      XL: |  1  2  3  4 |
---------------+-------------+-----
Shields        | 5 |  5.0
Polearms       | 3 |  3.5
Fighting       | 4 |  4.0
Armour         | |  3.2

Action                   |  1- 3 |  4- 6 || total
-------------------------+-------+-------++-------
Melee: Trident           |   128 |    84 ||   212
  Use: Potion            |       |     1 ||     1
Armor: Scale mail        |    33 |       ||    33
       Ring mail         |     5 |    24 ||    29
       Chain mail        |       |    12 ||    12
Dodge: Dodged            |    56 |    22 ||    78
Block: Buckler           |    33 |    11 ||    44

Table legend: (Time is in decaauts)
 A = Elapsed time spent in this place.
 B = Non-inter-level travel time spent in this place.
 C = Inter-level travel time spent in this place.
 D = Time resting spent in this place.
 E = Time spent auto-exploring this place.
 F = Levels seen in this place.
 G = Mean time per level.
                   A        B        C        D        E       F      G
               +--------+--------+--------+--------+--------+-----+--------+
         Total |   1848 |   1812 |     36 |     38 |   1283 |   3 |  616.0 |
       Dungeon |   1848 |   1812 |     36 |     38 |   1283 |   3 |  616.0 |
               +--------+--------+--------+--------+--------+-----+--------+

Top non-repeatable levels by time:
     D:1: 838 daAuts
     D:2: 769 daAuts
     D:3: 240 daAuts
